 Dungeon Crawl Stone Soup version 0.31-a0-691-g409c26aa35 (webtiles) character file.

Game seed: 14955457279067422268

7987 Dordric the Mimic (level 11, 0/75 HPs)
             Began as an Octopode Shapeshifter on Sept 6, 2023.
             Was a High Priest of Makhleb.
             Slain by an orc warrior
             ... wielding a +0 spear
              (8 damage)
             ... in a bailey on Sept 7, 2023.
             The game lasted 00:16:48 (8063 turns).

Dordric the Mimic (Octopode Shapeshifter)           Turns: 8063, Time: 00:16:49

Health: 0/75       AC:  9    Str: 22    XL:     11   Next: 23%
Magic:  25/25      EV: 10    Int: 11    God:    Makhleb [*****.]
Gold:   583        SH:  5    Dex: 16    Spells: 10/10 levels left

rFire   . . .        u - melded +0 dagger (drain)
rCold   . . .        (shield currently unavailable)
rNeg    . . .        (helmet currently unavailable)
rPois   .            e - amulet of reflection
rElec   .            v - ring of magical power
rCorr   .            I - ring of willpower
SInv    .            (no ring)
Will    +....        (no ring)
Stlth   +            (no ring)
HPRegen 1.12/turn    (no ring)
MPRegen 0.19/turn    (no ring)
                     (no ring)

%: reflection
@: snake-form
A: constrict, boosted hp, almost no armour, amphibious, 8 rings, large,
(camouflage 1), (gelatinous body 1), (nimble swimmer 1), (tentacles), (large
bone plates 1), mutation resistance 1, regeneration 1, strong 1
a: Begin Untransformation, Renounce Religion, Minor Destruction, Lesser Servant
of Makhleb, Major Destruction, Greater Servant of Makhleb


You were in a bailey.
You worshipped Makhleb.
Makhleb was extremely pleased with you.
You were an enormous anaconda.
You visited 1 branch of the dungeon, and saw 10 of its levels.
You also visited: Sewer and Bailey.

You collected 583 gold pieces.

Inventory:

Hand Weapons
 u - a +0 dagger of draining (melded)
Missiles
 w - a throwing net
Jewellery
 e - an amulet of reflection (around neck)
 g - an amulet of guardian spirit
 v - a ring of magical power (left tentacle)
 I - a ring of willpower (right tentacle)
Talismans
 b - a beast talisman
 c - a flux talisman
 x - a serpent talisman (active)
Wands
 k - a wand of light (7)
 n - a wand of roots (4)
 H - a wand of charming (3)
Scrolls
 d - 2 scrolls of vulnerability
 h - 2 scrolls of enchant armour
 i - a scroll of immolation
 j - 2 scrolls of revelation
 l - a scroll of acquirement {unknown}
 m - 2 scrolls of fog
 p - 2 scrolls of amnesia
 q - 2 scrolls of fear {unknown}
 r - a scroll of identify
 s - 3 scrolls of noise
 t - a scroll of torment {unknown}
 y - a scroll of brand weapon
 D - 3 scrolls of teleportation
 E - 2 scrolls of enchant weapon
Potions
 a - 2 potions of lignification
 f - a potion of degeneration
 o - 3 potions of brilliance
 z - a potion of mutation
 A - 3 potions of enlightenment
 B - 4 potions of curing
 C - 2 potions of haste {unknown}
 F - 3 potions of magic {unknown}
 G - a potion of cancellation {unknown}


   Skills:
 - Level 1.0 Fighting
 - Level 2.0 Dodging
 + Level 10.8 Unarmed Combat
 + Level 7.0 Invocations
 + Level 11.4 Shapeshifting


You had 10 spell levels left.
You didn't know any spells.
Your spell library contained the following spells:

 Spells                   Type           Power      Damage    Failure   Level
 Freeze                   Ice            0%         1d3       34%         1
 Kiss of Death            Conj/Necr      0%         2d5       34%         1
 Call Canine Familiar     Summ           0%         N/A       71%         3
 Confusing Touch          Hex            0%         N/A       71%         3
 Frozen Ramparts          Ice            0%         1d1       71%         3
 Hailstorm                Conj/Ice       0%         3d3       71%         3
 Portal Projectile        Hex/Tloc       0%         N/A       71%         3
 Summon Guardian Golem    Hex/Summ       0%         N/A       71%         3
 Anguish                  Hex/Necr       0%         N/A       98%         4
 Cause Fear               Hex            0%         N/A       98%         4
 Dispel Undead            Necr           0%         3d6       98%         4
 Leda's Liquefaction      Hex/Erth       0%         N/A       98%         4
 Lee's Rapid Deconstruct  Erth           0%         3d4*      100%        5
 Leda's Unmaking          Conj/Erth      0%         9d1       100%        6
 Enfeeble                 Hex            0%         N/A       100%        7
 Orb of Destruction       Conj           0%         9d5       100%        7
 Spellforged Servitor     Conj/Summ      0%         N/A       100%        7
 Polar Vortex             Ice            0%         N/A       100%        9
 Animate Armour           Summ/Erth      Unusable   N/A       N/A         4

Dungeon Overview and Level Annotations

Branches:
Dungeon (10/15)            Temple (0/1) D:6            Lair (0/5) D:10
  Sewer (visited)          Bailey (1/1)
    Orc: D:9-12

Altars:
Dithmenos
Gozag
Kikubaaqudgha
Makhleb
Nemelex Xobeh
Okawaru
Qazlal
Sif Muna
Vehumet
Wu Jian
Yredelemnul
The Shining One

Shops:
D:4 *   D:5 ?

Annotations:
D:6 1 runed translucent door, Shayle's ghost, novice OgSh


Innate Abilities, Weirdness & Mutations

You are an enormous anaconda.
You have a powerful constriction melee attack.
Your maximum health is increased.
Your armour is entirely melded.
You are incapable of wielding weapons or throwing items.
You cannot wear most types of armour.
You are amphibious.
You can wear up to eight rings at the same time.
((Your skin changes colour to match your surroundings (Stealth+).))
((Your rubbery body absorbs attacks. (AC +1, EV +1)))
((You are camouflaged when in or above water. (Stealth+)))
((You have tentacles for arms and can constrict up to eight enemies at once.))
((You are partially covered in large bone plates. (SH +4)))
You are somewhat resistant to further mutation.
Your natural rate of healing is unusually fast.
Your muscles are strong. (Str +4, Int/Dex -1)


Message History

The orc warrior attacks as it pursues you!
You block the orc warrior's attack.
The orc warrior attacks as it pursues you!
The orc warrior hits you from afar with a +0 spear.
Things that are here:
a +0 halberd; a +0 hand axe; a +0 hand axe
Aiming: Fastroot
Press: ? - help, Shift-Dir - straight line, f - orc warrior
Aim: an orc warrior, wielding a +0 spear and wearing a +0 plate armour The roots erupt in riotous growth!
Roots grab the orc warrior. x2
The grasping roots constrict the orc warrior. x2
The orc warrior barely misses you.
The orc warrior struggles to escape constriction.
The grasping roots constrict the orc warrior. x2
The roots release their grip on the orc warrior.
The orc warrior hits you with a +0 spear!
The orc warrior hits you but does no damage.
Things that are here:
a +0 halberd; a +0 hand axe; a +0 hand axe You hit the orc warrior but do no damage.
The orc warrior is moderately wounded.
The grasping roots constrict the orc warrior.
The roots release their grip on the orc warrior.
The orc warrior hits you with a +0 spear!
* * * LOW HITPOINT WARNING * * *
You hit the orc warrior but do no damage.
You grab the orc warrior.
The orc warrior is moderately wounded.
You constrict the orc warrior.
The orc warrior hits you from afar with a +0 trident.
* * * LOW HITPOINT WARNING * * *
The orc cheers loudly.
The orc barely misses you.
The orc warrior struggles to escape constriction.
The orc hits you from afar with a +0 halberd.
* * * LOW HITPOINT WARNING * * *
You release your grip on the orc warrior.
The orc warrior hits you from afar with a +0 spear!
You die...

############ ##
##.∩...S)oo.## .o.
#......#)oo..###### ....
#.....###).oo#....#o.##.
#∩.....8..o..)....'..8..
#.....###....#....#.o##.
#......#.....###### ....
##.∩........## ...
############ ##


You could see 3 orc warriors and 4 orcs.

Vanquished Creatures
  Pikel (D:6)
  Jeremiah (D:9)
  A gargoyle (D:8)
  An unseen horror (D:10)
  A troll (D:10)
  A hornet (D:6)
  Grinder (D:6)
  Prince Ribbit (D:8)
  2 wyverns (D:9)
  A vampire (D:9)
  Eustachio (D:6)
  A wraith (D:10)
  2 steam dragons
  3 acid dragons (D:10)
  5 orc warriors
  An ice beast (D:5)
  2 black bears (D:6)
  2 ogres
  2 centaurs
  A phantom (D:7)
  6 kobold brigands
  6 bullfrogs
  2 gnoll sergeants
  Blork the orc (D:6)
  A scorpion (D:5)
  14 wights
  7 killer bees
  6 howler monkeys
  A hound (D:5)
  A jelly (D:6)
  2 gnoll boudas
  8 orc priests
  An iguana (D:4)
  Terence (D:3)
  9 orc wizards
  19 gnolls
  A river rat (Sewer)
  11 adders
  2 shadow imps (D:7)
  2 white imps
  2 ufetubi (D:5)
  A worm (D:2)
  2 dart slugs
  42 orcs
  5 bats (D:2)
  9 endoplasms
  6 giant cockroaches
  7 goblins
  6 hobgoblins
  3 jackals (Sewer)
  28 kobolds
  6 quokkas
  11 ball pythons
  A frilled lizard (D:1)
  10 rats
271 creatures vanquished.

Vanquished Creatures (others)
  A kobold brigand (D:7)
  A kobold (D:7)
2 creatures vanquished.

Grand Total: 273 creatures vanquished

Notes
Turn   | Place    | Note
-------+----------+-------------------------------------------
     0 | D:1      | Dordric the Octopode Shapeshifter began the quest for the
                  | Orb.
     0 | D:1      | Reached XP level 1. HP: 13/13 MP: 1/1
   216 | D:1      | Reached XP level 2. HP: 18/18 MP: 2/2
   683 | D:2      | Reached XP level 3. HP: 23/23 MP: 3/3
   688 | D:2      | Reached skill level 4 in Shapeshifting
  1041 | D:2      | Reached XP level 4. HP: 28/28 MP: 4/4
  1699 | D:3      | Reached skill level 5 in Shapeshifting
  1871 | D:3      | Noticed Terence
  1873 | D:3      | Reached XP level 5. HP: 33/33 MP: 5/5
  1898 | D:3      | Killed Terence
  2289 | D:4      | Found a glowing golden altar of the Shining One.
  2291 | D:4      | Noticed an angel
  2577 | D:4      | Found Nouxuqir's General Store.
  2621 | D:4      | Gained mutation: Your natural rate of healing is unusually
                  | fast. [potion of mutation]
  2621 | D:4      | Gained mutation: Your spells are a little easier to cast,
                  | but a little less powerful. [potion of mutation]
  2621 | D:4      | Gained mutation: Your flesh is heat resistant. (rF+)
                  | [potion of mutation]
  2718 | D:4      | Noticed an ogre
  2727 | D:4      | Killed an ogre
  2728 | D:4      | Reached skill level 6 in Shapeshifting
  2728 | D:4      | Reached XP level 6. HP: 38/38 MP: 6/6
  2824 | D:4      | Found a basalt altar of Yredelemnul.
  2932 | D:4      | Found a burning altar of Makhleb.
  2956 | D:4      | Found a sparkling altar of Nemelex Xobeh.
  3234 | D:4      | Became a worshipper of Makhleb the Destroyer
  3318 | D:5      | Entered Level 5 of the Dungeon
  3431 | D:4      | Reached XP level 7. HP: 25/43 MP: 7/7
  3648 | D:5      | Found an ancient bone altar of Kikubaaqudgha.
  3672 | D:5      | Reached skill level 7 in Shapeshifting
  4149 | D:5      | Found Ceppay's Magic Scroll Boutique.
  4204 | D:5      | Reached * piety under Makhleb
  4380 | D:5      | Reached skill level 5 in Unarmed Combat
  4457 | D:6      | Noticed Eustachio
  4463 | D:6      | Killed Eustachio
  4464 | D:6      | Reached XP level 8. HP: 45/48 MP: 8/8
  4501 | D:6      | Reached skill level 8 in Shapeshifting
  4508 | D:6      | Found a staircase to the Ecumenical Temple.
  4509 | D:6      | Noticed Grinder
  4519 | D:6      | Found a glowing drain.
  4530 | Sewer    | Entered a sewer
  4618 | Sewer    | Found a white marble altar of Elyvilon.
  4693 | D:6      | Killed Grinder
  4698 | D:6      | Noticed a hornet
  4712 | D:6      | Paralysed by a hornet for 2 turns
  4714 | D:6      | HP: 2/49 [hornet (10)]
  4717 | D:6      | Paralysed by a hornet for 2 turns
  4721 | D:6      | Killed a hornet
  4722 | D:6      | Reached XP level 9. HP: 23/53 MP: 9/9
  4726 | D:6      | Reached skill level 9 in Shapeshifting
  4780 | D:6      | Noticed Blork the orc
  4785 | D:6      | Killed Blork the orc
  4874 | D:6      | Reached ** piety under Makhleb
  4895 | D:6      | Found a shadowy altar of Dithmenos.
  4932 | D:6      | Found an opulent altar of Gozag.
  4976 | D:6      | Noticed Pikel
  4996 | D:6      | Killed Pikel
  5035 | D:6      | Found a runed translucent door.
  5038 | D:6      | Noticed Shayle's ghost (novice OgSh)
  5077 | D:6      | Found a stormy altar of Qazlal.
  5268 | D:7      | Reached skill level 1 in Invocations
  5527 | D:7      | Found an iron altar of Okawaru.
  5527 | D:7      | Found a runed translucent door.
  5528 | D:7      | Found the +0 toga "Victory" {*Victory Clar}
  5564 | D:7      | Reached skill level 10 in Shapeshifting
  5705 | D:7      | Found a shimmering blue altar of Sif Muna.
  5841 | D:7      | Reached XP level 10. HP: 58/58 MP: 12/12
  6036 | D:7      | Lost mutation: Your flesh is heat resistant. (rF+) [potion
                  | of mutation]
  6036 | D:7      | Lost mutation: Your spells are a little easier to cast, but
                  | a little less powerful. [potion of mutation]
  6036 | D:7      | Gained mutation: You are partially covered in large bone
                  | plates. (SH +4) [potion of mutation]
  6036 | D:7      | Gained mutation: Your muscles are strong. (Str +4, Int/Dex
                  | -1) [potion of mutation]
  6036 | D:7      | Gained mutation: You are somewhat resistant to further
                  | mutation. [potion of mutation]
  6175 | D:8      | Noticed a gargoyle
  6185 | D:8      | Killed a gargoyle
  6274 | D:8      | Reached *** piety under Makhleb
  6491 | D:8      | Noticed Prince Ribbit
  6502 | D:8      | Killed Prince Ribbit
  6503 | D:8      | Reached skill level 5 in Invocations
  6582 | D:8      | Found an ornate altar of the Wu Jian Council.
  6596 | D:8      | Found a radiant altar of Vehumet.
  6734 | D:9      | Reached **** piety under Makhleb
  6761 | D:9      | Reached skill level 10 in Unarmed Combat
  6865 | D:9      | Noticed Jeremiah
  6880 | D:9      | Killed Jeremiah
  6881 | D:9      | Reached skill level 11 in Shapeshifting
  7144 | D:9      | Reached XP level 11. HP: 63/63 MP: 15/15
  7268 | D:9      | Got Wawaiqakk's Parchment of Gritty Graupel
  7492 | D:10     | Entered Level 10 of the Dungeon
  7863 | D:10     | Identified the +5 scale mail "Vixianu" {rElec rPois rC+}
  7976 | D:10     | Found a flagged portal.
  7988 | Bailey   | Entered a bailey
  8007 | Bailey   | Reached ***** piety under Makhleb
  8063 | Bailey   | Slain by an orc warrior

Illustrated notes

Levels and vault maps discovered:
D:1:      wander_arrival_peaceful_grave, layout_rooms
D:2:      layout_basic, minmay_worlds_worst_comb
D:3:      layout_rooms, uniq_terence
D:4:      layout_loops_ring, grunt_temple_overflow_holy_war,
          lemuel_coloured_pillars_altar, nemelex_diamond_rough_becter,
          serial_shops, shop, grunt_ministairs_6
D:5:      layout_cave_pools, mainiacjoe_overflow_concentric_impassable,
          serial_shops, nicolae_shop_real_fake_doors, roderic_roman_lattice
D:6:      nicolae_cairo_tiling_large_dashed, layout_rooms, grunt_qazlal_clouds,
          kennysheep_little_box, mainiacjoe_overflow_chevrons,
          minmay_temple_entry_crystal_x, ebering_ghost_sewer_d,
          portal_sewer_entry_d, uniq_grinder, uniq_pikel, uniq_blork_the_orc,
          uniq_eustachio
D:7:      layout_loops_ring, nicolae_overflow_guarded_unrand_okawaru_victory,
          tgw_sif
D:8:      layout_cave_pools, kennysheep_mini_moat, kennysheep_mini,
          minmay_unpleasant_kobolds, uniq_prince_ribbit1
D:9:      layout_roguey, serial_rivers, chequers_serial_rivers_micro_e,
          chequers_serial_rivers_micro_c, chequers_serial_rivers_micro_b,
          chequers_serial_rivers_micro_c, uniq_jeremiah
D:10:     layout_irregular_city, lair_entry_dummy, lightli_bailey_entry_fortress
Bailey:   bailey_polearm_5, bailey

Skill      XL: |  1  2  3  4  5  6  7  8  9 10 11 |
---------------+----------------------------------+-----
Shapeshifting  | 4 5 6 7 8 10 11 | 11.4
Unarmed Combat | 5 7 9 10 | 10.8
Invocations    | 3 6 7 |  7.0
Fighting       | |  1.0
Dodging        | |  2.0

Action                     |  1- 3 |  4- 6 |  7- 9 | 10-12 || total
---------------------------+-------+-------+-------+-------++-------
  Melee: Unarmed           |    64 |    57 |   199 |   187 ||   507
         Constrict         |    17 |    25 |    46 |    44 ||   132
         Tentacles         |    12 |    19 |     6 |       ||    37
         Punch             |     1 |     6 |       |       ||     7
         Dagger            |       |    42 |       |       ||    42
 Invoke: Minor Destruction |       |       |       |   122 ||   122
  Evoke: Wand              |       |     4 |     8 |     1 ||    13
    Use: Scroll            |       |     4 |     3 |     6 ||    13
         Potion            |       |     6 |     2 |     1 ||     9
   Stab: Sleeping          |    10 |     7 |     3 |       ||    20
 Armour: Skin              |    21 |    33 |   150 |   171 ||   375
  Dodge: Dodged            |    27 |    39 |    93 |    86 ||   245
  Block: Other             |    10 |    19 |    43 |    48 ||   120
         Reflection        |       |     1 |     1 |     6 ||     8
   Form: Flux              |       |     1 |       |       ||     1
         Anaconda          |       |       |     1 |       ||     1

Table legend: (Time is in decaauts)
 A = Elapsed time spent in this place.
 B = Non-inter-level travel time spent in this place.
 C = Inter-level travel time spent in this place.
 D = Time resting spent in this place.
 E = Time spent auto-exploring this place.
 F = Levels seen in this place.
 G = Mean time per level.
                   A        B        C        D        E       F      G
               +--------+--------+--------+--------+--------+-----+--------+
         Total |   8027 |   7643 |    384 |    517 |   5359 |  12 |  668.9 |
       Dungeon |   7816 |   7432 |    384 |    517 |   5229 |  10 |  781.6 |
         Sewer |    141 |    141 |      0 |      0 |    106 |   1 |  141.0 |
        Bailey |     70 |     70 |      0 |      0 |     24 |   1 |   70.0 |
               +--------+--------+--------+--------+--------+-----+--------+

Top non-repeatable levels by time:
     D:4: 1445 daAuts
     D:2: 1035 daAuts
     D:7: 871 daAuts
     D:5: 784 daAuts
     D:9: 750 daAuts
     D:3: 648 daAuts
     D:8: 624 daAuts
     D:6: 595 daAuts
     D:1: 572 daAuts
    D:10: 486 daAuts
   Sewer: 141 daAuts
  Bailey: 70 daAuts
